 Dungeon Crawl Stone Soup version 0.30-a0-365-ge7f957f1db (webtiles) character file.

Game seed: 10408460409262285690

27878 Bnni the Impaler (level 13, 0/111 HPs)
             Began as a Formicid Fighter on Nov 17, 2022.
             Was a Believer of Yredelemnul.
             Slain by Urug
             ... wielding a +5 great mace
              (34 damage)
             ... on level 13 of the Dungeon.
             The game lasted 00:35:22 (15278 turns).

Bnni the Impaler (Formicid Fighter)                Turns: 15278, Time: 00:35:23

Health: 0/111      AC: 13    Str: 27    XL:     13   Next: 69%
Magic:  19/21      EV: 10    Int:  7    God:    Yredelemnul [**....]
Gold:   469        SH:  5    Dex: 13    Spells: 12/12 levels left

rFire   . . .      SeeInvis +    R - +12 glaive of Prune {vorpal}
rCold   . . .      Faith    +    c - +0 buckler
rNeg    . . .      Spirit   .    j - +0 plate armour
rPois   .          Reflect  .    (helmet unavailable)
rElec   .          Harm     .    H - +0 cloak
rCorr   +          Rampage  .    (no gloves)
Will    +....                    O - +0 pair of boots
Stlth   ..........               C - amulet of faith
HPRegen 0.38/turn                B - +4 ring of evasion
MPRegen 0.17/turn                f - ring of resist corrosion

@: no status effects
A: permanent stasis, dig shafts and tunnels, antennae 3, four strong arms
a: Dig, Shaft Self, Renounce Religion, Recall Undead Harvest, Dark Bargain


You were on level 13 of the Dungeon.
You worshipped Yredelemnul.
Yredelemnul was aware of your devotion.
You visited 2 branches of the dungeon, and saw 15 of its levels.
You also visited: Bailey.

You collected 669 gold pieces.
You spent 200 gold pieces at shops.

Inventory:

Hand Weapons
 E - a +2 scimitar of flaming
 R - the +12 glaive of Prune (weapon) {vorpal}
   (You found it on level 13 of the Dungeon)

   It inflicts extra damage upon your enemies.
   It halves damage taken while paralysed, petrified or unconscious.
Missiles
 m - 5 silver javelins
 w - 37 poisoned darts (quivered)
 P - a curare-tipped dart
Armour
 c - a +0 buckler (worn)
 j - a +0 plate armour (worn)
 H - a +0 cloak (worn)
 O - a +0 pair of boots (worn)
Jewellery
 f - a ring of resist corrosion (right hand)
 q - a ring of flight
 t - an amulet of regeneration
 B - a +4 ring of evasion (left hand)
 C - an amulet of faith (around neck)
 Q - a ring of positive energy
Wands
 a - a wand of roots (14)
 p - a wand of flame (70)
 v - a wand of polymorph (13)
 J - a wand of paralysis (3)
Scrolls
 b - a scroll of summoning {unknown}
 e - 2 scrolls of noise {unknown}
 i - 2 scrolls of amnesia {unknown}
 k - 3 scrolls of blinking {unknown}
 r - 4 scrolls of immolation {unknown}
 s - a scroll of fog {unknown}
 u - 3 scrolls of magic mapping {unknown}
 y - 2 scrolls of fear {unknown}
 A - a scroll of brand weapon
 D - a scroll of identify
 G - a scroll of enchant armour {unknown}
 I - a scroll of torment {unknown}
 M - a scroll of vulnerability {unknown}
 N - a scroll of enchant weapon
Potions
 d - a potion of attraction {unknown}
 g - 11 potions of curing {unknown}
 h - 2 potions of brilliance {unknown}
 l - a potion of mutation
 n - 3 potions of magic
 o - a potion of resistance
 z - a potion of ambrosia {unknown}
 F - 3 potions of invisibility {unknown}
 K - 3 potions of cancellation {unknown}
 L - 4 potions of haste {unknown}


   Skills:
 + Level 13.2 Fighting
 * Level 16.4 Polearms
 - Level 3.2 Armour
 - Level 5.0 Shields
 + Level 11.2 Invocations


You had 12 spell levels left.
You didn't know any spells.
Your spell library contained the following spells:

 Spells                   Type           Power      Damage    Failure   Level
 Necrotise                Necr           0%         1d4       100%        1
 Sting                    Tmut/Pois      0%         1d3       100%        1
 Summon Small Mammal      Summ           0%         N/A       100%        1
 Call Imp                 Summ           0%         N/A       100%        2
 Ensorcelled Hibernation  Hex/Ice        0%         N/A       100%        2
 Momentum Strike          Conj/Tloc      0%         3d8       100%        2
 Passwall                 Tmut/Erth      0%         N/A       100%        2
 Poisonous Vapours        Pois/Air       0%         N/A       100%        2
 Scorch                   Fire           0%         2d5       100%        2
 Call Canine Familiar     Summ           0%         N/A       100%        3
 Kindle Blastsparks       Fire/Tloc/Air  0%         2d10      100%        3
 Spider Form              Tmut/Pois      0%         N/A       100%        3
 Summon Guardian Golem    Hex/Summ       0%         N/A       100%        3
 Vampiric Draining        Necr           0%         2d6       100%        3
 Anguish                  Hex/Necr       0%         N/A       100%        4
 Flame Wave               Conj/Fire      0%         2d4       100%        4
 Fulminant Prism          Conj/Hex       0%         3d5       100%        4
 Iskenderun's Mystic Bla  Conj/Tloc      0%         2d3       100%        4
 Olgreb's Toxic Radiance  Pois           0%         N/A       100%        4
 Agony                    Necr           0%         N/A       100%        5
 Lee's Rapid Deconstruct  Erth           0%         3d4*      100%        5
 Summon Forest            Summ/Tloc      0%         N/A       100%        5
 Summon Mana Viper        Hex/Summ       0%         N/A       100%        5
 Summon Cactus Giant      Summ           0%         N/A       100%        6
 Chain Lightning          Conj/Air       0%         N/A       100%        9
 Swiftness                Air            Unusable   N/A       N/A         3

Dungeon Overview and Level Annotations

Branches:
Dungeon (14/15)            Temple (1/1) D:6            Lair (0/5) D:8
    Orc (0/2) D:9          Vaults (0/5) D:13         Bailey (visited)

Altars:
Ashenzari
Cheibriados
Dithmenos
Elyvilon
Fedhas
Gozag
Hepliaklqana
Kikubaaqudgha
Makhleb
Nemelex Xobeh
Okawaru
Qazlal
Ru
Sif Muna
Trog
Uskayaw
Vehumet
Wu Jian
Xom
Yredelemnul
Zin
The Shining One
Lugonu

Shops:
D:6 (:(=   D:10 (

Annotations:
D:13 Urug
D:14 Roxanne


Innate Abilities, Weirdness & Mutations

You cannot be hasted, slowed, berserked, paralysed or teleported.
You can dig through walls and to a lower floor.
You have a pair of large antennae on your head. (SInv)
Your four strong arms can wield two-handed weapons with a shield.


Message History

Your centaur warrior zombie kicks Urug but does no damage.
Urug hits your centaur warrior zombie with a +5 great mace!!!
Your centaur warrior zombie is destroyed!
Urug shouts!
You can no longer trade souls for undead servants.
Okay, then.
Aiming: Paralyse
Press: ? - help, Shift-Dir - straight line, f/p - Urug
Aim: Urug, wielding a +5 great mace, wearing a +0 scale mail and quivering javelins (heavily wounded, berserk, ally target, chance to affect: 31%)
Okay, then.
Aiming: Fastroot
Press: ? - help, Shift-Dir - straight line, f/p - Urug
Aim: Urug, wielding a +5 great mace, wearing a +0 scale mail and quivering javelins (heavily wounded, berserk, ally target)
The roots erupt in riotous growth!
Roots grab Urug.
The grasping roots constrict Urug.
Urug escapes!
Your vault guard zombie hits Urug!
Urug hits your vault guard zombie with a +5 great mace!!!
Urug hits your vault guard zombie with a +5 great mace!!!
Your vault guard zombie barely misses Urug.
You can now trade souls for undead servants.
You begin recalling your allies.
Your bound seven-headed hydra is recalled.
You finish recalling your allies.
Urug hits your vault guard zombie with a +5 great mace!!
Your vault guard zombie is destroyed!
Aiming: Fastroot
Press: ? - help, Shift-Dir - straight line, p - Urug
Okay, then.
Unknown command.
Okay, then.
Okay, then.
Okay, then.
Unknown command.
You feel much better. Urug barely misses you.
You slash Urug!
Urug is almost dead.
Urug hits you with a +5 great mace!!
You die...
Your body rises from the dead as a mindless zombie.

##.
..##..#....Z########
# .###..##..##..# .
##.........# .. .
##........# ..
##..###..# . #
#.#.....#.# ..
#..#.#.##..#.# .#
#.....###...##.. ..
#..#.#.Z@........ #
#...Zo....###
#...##.#...#
#..............
#..##..#.....#..
#..# #..#.#...# #
..# ....#....... ##
.##. #........ # #
..# ....#


You could see Urug (berserk, ally target), a friendly bound seven-headed hydra
and a friendly troll zombie.

Vanquished Creatures
  Jorgrun (D:14)
  2 vault guards (Bailey)
  A hydra (D:13)
  3 centaur warriors (D:13)
  2 boulder beetles (D:13)
  2 two-headed ogres
  4 deep elf pyromancers (D:13)
  An ugly thing (D:11)
  A manticore (D:13)
  A cyclops (D:12)
  The ghost of drbonez the Cleaver, a novice MiFi (D:5)
  Joseph (D:9)
  An unseen horror (D:11)
  2 kobold demonologists (D:13)
  An efreet (D:13)
  7 trolls
  A hornet (D:8)
  A slime creature (D:13)
  Sigmund (D:2)
  3 shadows
  3 wraiths
  2 humans (Bailey)
  4 water elementals (D:13)
  13 yaks
  Grum (D:9)
  6 vampire mosquitoes
  3 orc warriors
  11 centaurs
  A black bear (D:7)
  2 ogres
  2 wolves (D:9)
  3 phantoms
  4 kobold brigands
  2 necrophages
  10 bullfrogs
  2 scorpions
  4 wights (D:9)
  8 killer bees (D:8)
  2 troll zombies (D:9)
  6 electric eels (D:13)
  5 howler monkeys
  A jelly (D:5)
  4 hounds
  A gnoll bouda (D:7)
  7 orc priests
  Jessica (D:2)
  Terence (D:2)
  5 iguanas
  5 orc wizards
  3 ogre zombies (D:9)
  Robin (D:4)
  5 adders
  9 gnolls (D:7)
  3 shadow imps (D:4)
  2 ufetubi
  5 worms
  2 dart slugs
  27 orcs
  4 endoplasms
  2 giant cockroaches (D:2)
  11 hobgoblins
  3 jackals (D:5)
  4 quokkas
  5 ball pythons
  3 bats
  10 goblins
  A goblin skeleton (D:9)
  4 goblin zombies (D:9)
  2 hobgoblin zombies (D:9)
  13 kobolds
  3 orc skeletons (D:9)
  4 orc zombies (D:9)
  5 rats
287 creatures vanquished.

Vanquished Creatures (collateral kills)
  A vault guard (D:13)
  Harold (D:9)
  A boulder beetle (D:13)
  A centaur warrior (D:14)
  A deep elf pyromancer (D:13)
  A kobold demonologist (D:13)
  2 trolls (D:13)
  Prince Ribbit (Bailey)
  A shadow (D:9)
  A yak (D:11)
  A human (Bailey)
  An acid dragon (D:8)
  An ogre (D:7)
  2 centaurs
  A phantom (D:9)
  A kobold brigand (D:13)
  2 bullfrogs (Bailey)
  A gnoll sergeant (D:7)
  An electric eel (D:13)
  An ogre zombie (D:9)
  A goblin (D:8)
  A bat (D:8)
  A goblin zombie (D:9)
  3 kobolds
  4 orc zombies (D:9)
33 creatures vanquished.

Vanquished Creatures (others)
  A spectral two-headed ogre (D:13)
  A dwarf zombie (D:14)
  A hydra zombie (D:13)
  A boulder beetle zombie (D:13)
  A slime creature zombie (D:13)
  3 elf zombies (D:13)
  A manticore zombie (D:13)
  A vampire mosquito zombie (D:13)
  A troll zombie (D:13)
  A spectral steam dragon (D:9)
  5 bullfrog zombies (Bailey)
  8 centaur zombies
  4 human zombies
  2 killer bee zombies (D:8)
  3 howler monkey zombies
  6 spectral electric eels (D:13)
  A bat zombie (D:8)
  2 gnoll zombies
  2 hobgoblin zombies
  6 kobold zombies
  2 orc zombies
  A bush (D:6)
54 creatures vanquished.

Grand Total: 374 creatures vanquished

Notes
Turn   | Place    | Note
-------+----------+-------------------------------------------
     0 | D:1      | Bnni the Formicid Fighter began the quest for the Orb.
     0 | D:1      | Reached XP level 1. HP: 18/18 MP: 1/1
   362 | D:1      | Reached XP level 2. HP: 24/24 MP: 2/2
   666 | D:2      | Noticed Jessica
   673 | D:2      | Killed Jessica
   674 | D:2      | Reached skill level 3 in Polearms
   674 | D:2      | Reached XP level 3. HP: 28/30 MP: 3/3
   759 | D:2      | Noticed Terence
   761 | D:2      | Reached XP level 4. HP: 37/37 MP: 4/4
   771 | D:2      | Killed Terence
   917 | D:2      | Noticed Sigmund
   924 | D:2      | Killed Sigmund
   925 | D:2      | Reached skill level 4 in Polearms
   925 | D:2      | Reached skill level 5 in Shields
   925 | D:2      | Reached XP level 5. HP: 30/43 MP: 5/5
   925 | D:2      | Reached XP level 6. HP: 34/49 MP: 6/6
  1504 | D:3      | Found a shimmering altar of Xom.
  1813 | D:3      | Reached skill level 5 in Polearms
  1858 | D:4      | Noticed Robin
  1970 | D:4      | Killed Robin
  1980 | D:4      | Noticed an ogre
  2171 | D:4      | Reached skill level 5 in Fighting
  2195 | D:4      | Reached XP level 7. HP: 42/56 MP: 7/7
  2320 | D:4      | Found a transporter.
  2335 | D:4      | Found a shimmering blue altar of Sif Muna.
  2435 | D:4      | Found a transporter.
  2442 | D:4      | Reached skill level 6 in Polearms
  2651 | D:4      | Found a sparkling altar of Nemelex Xobeh.
  2951 | D:5      | Entered Level 5 of the Dungeon
  2960 | D:5      | Reached XP level 8. HP: 48/64 MP: 8/8
  3214 | D:5      | Reached skill level 7 in Polearms
  3553 | D:5      | Found a bloodstained altar of Trog.
  3745 | D:5      | Found a glowing golden altar of the Shining One.
  3938 | D:5      | Found a runed translucent gate.
  3939 | D:5      | Found a runed translucent gate.
  3940 | D:5      | Found a runed translucent gate.
  3941 | D:5      | Noticed drbonez's ghost (novice MiFi)
  3980 | D:5      | Killed drbonez's ghost
  3981 | D:5      | Reached skill level 8 in Polearms
  4176 | D:5      | Found an ancient bone altar of Kikubaaqudgha.
  4257 | D:6      | Found an ornate altar of the Wu Jian Council.
  4312 | D:6      | Found Suidaigi's Jewellery Shop.
  4396 | D:6      | Found Murag's Antique Weapon Shop.
  4412 | D:6      | Found Sowil's Weapon Boutique.
  4416 | D:6      | Reached XP level 9. HP: 70/72 MP: 9/9
  4477 | D:6      | Found a staircase to the Ecumenical Temple.
  4482 | Temple   | Entered the Ecumenical Temple
  4511 | Temple   | Became a worshipper of Yredelemnul the Dark
  4962 | D:6      | Reached * piety under Yredelemnul
  4963 | D:6      | Reached skill level 9 in Polearms
  5125 | D:6      | Found Xakkem's Book Shop.
  5745 | D:6      | Bought a smoking spear for 200 gold pieces
  5745 | D:6      | Identified the +4 spear of Gallantry {pain, Contam Fly
                  | rN+++ Int-3} (You bought it in a shop on level 6 of the
                  | Dungeon)
  5754 | D:7      | Reached skill level 10 in Polearms
  5786 | D:7      | Found a stormy altar of Qazlal.
  5890 | D:7      | Found an iron altar of Okawaru.
  5929 | D:7      | Reached ** piety under Yredelemnul
  5939 | D:7      | Reached *** piety under Yredelemnul
  6273 | D:8      | Found a staircase to the Lair.
  6291 | D:8      | Reached skill level 1 in Invocations
  6329 | D:8      | Reached XP level 10. HP: 36/82 MP: 9/11
  6475 | D:8      | Found a sacrificial altar of Ru.
  6752 | D:8      | Reached skill level 11 in Polearms
  6918 | D:8      | Reached **** piety under Yredelemnul
  7094 | D:8      | Reached ***** piety under Yredelemnul
  7130 | D:8      | Found a white marble altar of Elyvilon.
  7221 | D:8      | Found a blossoming altar of Fedhas.
  7852 | D:9      | Noticed Grum
  7865 | D:9      | Killed Grum
  7873 | D:9      | Reached skill level 12 in Polearms
  7873 | D:9      | Reached skill level 5 in Invocations
  7891 | D:9      | Found a staircase to the Orcish Mines.
  8151 | D:9      | Noticed Joseph
  8166 | D:9      | Killed Joseph
  8167 | D:9      | Reached skill level 10 in Fighting
  8167 | D:9      | Reached XP level 11. HP: 45/90 MP: 13/15
  8176 | D:9      | Found a flagged portal.
  8181 | D:9      | Your ally Grum died
  8184 | D:9      | Your ally Joseph died
  8378 | Bailey   | Entered a bailey
  8460 | Bailey   | Noticed a vault guard
  8460 | Bailey   | Noticed Prince Ribbit
  8477 | Bailey   | Killed a vault guard
  8482 | Bailey   | Killed Prince Ribbit
  8483 | Bailey   | Reached skill level 13 in Polearms
  8680 | Bailey   | Noticed a vault guard
  8694 | Bailey   | Your ally Prince Ribbit died
  8695 | Bailey   | Killed a vault guard
  8767 | D:9      | Noticed a two-headed ogre
  8776 | D:9      | Killed a two-headed ogre
  8823 | D:9      | Noticed Harold
  8836 | D:9      | Killed Harold
  9761 | D:9      | Found a hide-covered altar of Uskayaw.
  9998 | D:10     | Entered Level 10 of the Dungeon
 10040 | D:10     | Found Vuaroime's Weapon Emporium.
 10174 | D:10     | Identified the +1 leather armour of Ylyimp {rPois}
 10781 | D:11     | Reached XP level 12. HP: 100/100 MP: 17/17
 11146 | D:11     | Reached skill level 14 in Polearms
 12030 | D:12     | You fall into a shaft and drop 2 floors!
 12039 | D:14     | Noticed Jorgrun
 12062 | D:14     | Killed Jorgrun
 12243 | D:14     | Noticed a centaur warrior
 12255 | D:14     | Killed a centaur warrior
 12394 | D:14     | Got the Collected Works on Energetic Rallying
 12458 | D:14     | Your ally Jorgrun died
 12502 | D:14     | Found a gate leading to a gauntlet.
 12503 | D:14     | Identified Roxanne's Tome of the Quarry
 12503 | D:14     | Noticed Roxanne
 13033 | D:13     | HP: 1/97 [troll (4)]
 13037 | D:13     | Reached skill level 15 in Polearms
 13259 | D:13     | Noticed a centaur warrior
 13259 | D:13     | Noticed a boulder beetle
 13276 | D:13     | Killed a centaur warrior
 13301 | D:13     | Reached XP level 13. HP: 28/108 MP: 20/20
 13352 | D:13     | HP: 4/109 [boulder beetle (10)]
 13654 | D:13     | Found the +12 glaive of Prune {vorpal}
 13689 | D:13     | Reached skill level 10 in Invocations
 13745 | D:13     | Noticed a centaur warrior
 13767 | D:13     | Killed a centaur warrior
 13768 | D:13     | Noticed an eight-headed hydra
 14146 | D:13     | Killed a ten-headed hydra
 14185 | D:13     | Identified the +9 flail of Fedhas, Hurling {vamp, rN+
                  | rCorr}
 14280 | D:13     | HP: 3/109 [electric eel/bolt of electricity (9)]
 14662 | D:13     | Reached skill level 16 in Polearms
 14698 | D:13     | Identified the +9 whip "Beovvo" {elec, +Blink}
 14726 | D:13     | Noticed a centaur warrior
 14736 | D:13     | Killed a centaur warrior
 14737 | D:13     | Reached ****** piety under Yredelemnul
 15047 | D:13     | Noticed an eight-headed hydra
 15057 | D:13     | Killed an 11-headed hydra
 15057 | D:13     | Enslaved an 11-headed hydra
 15062 | D:13     | Noticed a vault guard
 15067 | D:13     | Killed a vault guard
 15242 | D:13     | Found a gate to the Vaults.
 15263 | D:13     | Found a corrupted altar of Lugonu.
 15266 | D:13     | Noticed Urug
 15272 | D:13     | HP: 5/111 [Urug/+5 great mace (14)]
 15278 | D:13     | Slain by Urug

Illustrated notes

Levels and vault maps discovered:
D:1:      psy_arrival_statuary, layout_loops_ring, minmay_strange_pillars
D:2:      layout_rooms, kennysheep_flooded_box, minmay_misc_feat_hallway,
          uniq_jessica, uniq_terence, uniq_sigmund
D:3:      layout_basic, mainiacjoe_overflow_concentric_impassable
D:4:      gammafunk_wand_slinger, layout_cave_pools, nemelex_spade_bored_becter,
          lemuel_crystal_altar, uniq_robin
D:5:      layout_loops_corners, mainiacjoe_overflow_brackets,
          mainiacjoe_overflow_alcove_2, mainiacjoe_overflow_small_starburst,
          biasface_ghost_orc_armoury, st_stairs_9
D:6:      layout_basic, kennysheep_little_box, minmay_temple_entry_glassed_door,
          serial_shops, nicolae_take_the_stairs, shop,
          nicolae_shop_behind_doors, shop, kb_lookout_dungeons_type
D:7:      layout_gridville, mainiacjoe_overflow_chevrons, lemuel_round_altar,
          chequers_garden
D:8:      layout_basic, nicolae_ru_great_annihilating_truth,
          nicolae_overflow_crystal_walls, marbit_many_paths, lair_entry_dummy
D:9:      layout_layer_cave, nicolae_uskayaw_suspiria, zombieorc1_lemuel,
          enter_bailey_6, uniq_grum, uniq_joseph, uniq_harold
D:10:     layout_roguey, serial_shops, nicolae_shop_trees
D:11:     layout_loops_corners
D:12:     layout_basic
D:13:     minmay_the_grid_octo_2x2 [minmay_the_grid_octo_focus,
          minmay_the_grid_octo_chip, minmay_the_grid_octo_clover,
          minmay_the_grid_octo_prize_single_spiral], layout_basic,
          david_vaults_5, tgw_lugonu_bribe, uniq_urug
D:14:     argonaut_augean_stables, layout_stronghold, gauntlet_entry_generic,
          nicolae_vehumet_altar_sigil, uniq_jorgrun, uniq_roxanne
Temple:   nicolae_temple_ecumenical_triangle

Skill      XL: |  1  2  3  4  5  6  7  8  9 10 11 12 13 |
---------------+----------------------------------------+-----
Polearms       | 3 4 5 6 8 10 12 13 15 16 | 16.4
Fighting       | 4 5 7 8 10 11 12 13 | 13.2
Shields        | 5 |  5.0
Invocations    | 1 5 7 9 11 | 11.2
Armour         | |  3.2

Action                   |  1- 3 |  4- 6 |  7- 9 | 10-12 | 13-15 || total
-------------------------+-------+-------+-------+-------+-------++-------
Melee: Trident           |    64 |    40 |       |       |       ||   104
       Halberd           |       |    85 |   109 |   276 |    14 ||   484
       Quarterstaff      |       |       |   127 |   201 |       ||   328
       Glaive            |       |       |       |       |   102 ||   102
Throw: Dart              |       |       |    13 |     9 |       ||    22
       Javelin           |       |       |     2 |     1 |       ||     3
       Throwing net      |       |       |       |     3 |     1 ||     4
       Boomerang         |       |       |       |       |     1 ||     1
Invok: Recall Undead Har |       |       |       |     5 |     1 ||     6
       Bind Soul         |       |       |       |     1 |     2 ||     3
       Dark Bargain      |       |       |       |     1 |       ||     1
 Abil: Dig               |       |       |       |     3 |       ||     3
Evoke: Wand              |       |       |       |     2 |     6 ||     8
  Use: Potion            |       |     1 |     4 |     3 |     1 ||     9
       Scroll            |       |       |     4 |     5 |       ||     9
 Stab: Distracted        |       |       |       |     6 |     3 ||     9
       Paralysed         |       |       |       |     1 |       ||     1
       Held in net/web   |       |       |       |     2 |     1 ||     3
Armor: Scale mail        |    11 |    71 |    27 |       |       ||   109
       Ring mail         |       |       |    55 |    40 |       ||    95
       Plate armour      |       |       |       |    92 |    21 ||   113
Dodge: Dodged            |    19 |    85 |   163 |   223 |    18 ||   508
Block: Buckler           |     6 |    30 |    59 |    90 |    14 ||   199

Table legend: (Time is in decaauts)
 A = Elapsed time spent in this place.
 B = Non-inter-level travel time spent in this place.
 C = Inter-level travel time spent in this place.
 D = Time resting spent in this place.
 E = Time spent auto-exploring this place.
 F = Levels seen in this place.
 G = Mean time per level.
                   A        B        C        D        E       F      G
               +--------+--------+--------+--------+--------+-----+--------+
         Total |  15312 |  14817 |    495 |   2610 |   9431 |  16 |  957.0 |
       Dungeon |  14922 |  14431 |    491 |   2467 |   9412 |  14 | 1065.9 |
        Temple |     34 |     30 |      4 |      0 |     19 |   1 |   34.0 |
        Bailey |    354 |    354 |      0 |    143 |      0 |   1 |  354.0 |
               +--------+--------+--------+--------+--------+-----+--------+

Top non-repeatable levels by time:
    D:13: 2499 daAuts
     D:9: 1870 daAuts
     D:8: 1500 daAuts
     D:5: 1246 daAuts
    D:11: 1039 daAuts
     D:6: 1010 daAuts
     D:7: 987 daAuts
     D:4: 898 daAuts
     D:2: 780 daAuts
    D:14: 746 daAuts
     D:3: 744 daAuts
     D:1: 630 daAuts
    D:10: 627 daAuts
  Bailey: 354 daAuts
    D:12: 340 daAuts
